APL (24 & UNDER)
NANTUCKET ORCAS @ NASHUA REDLEGS
04/24/2027
 
TOP OF THE 1ST
Nantucket Orcas batting - Pitching for Nashua Redlegs : RHP Fernando Valdés
Pitching: RHP Fernando Valdés
Batting: RHB Jorge Hernández 0-0: Foul Ball, location: 2F
0-1: Swinging Strike
0-2: Fly out, F3 (Popup, 34)
Batting: RHB Ramón Díaz 0-0: Ball
1-0: Ground out 5-3 (Groundball, 5)
Batting: SHB Cory Campbell 0-0: Called Strike
0-1: Ground out 4-3 (Groundball, 4)
Top of the 1st over - 0 run(s), 0 hit(s), 0 error(s), 0 left on base; Nantucket 0 - Nashua 0
BOTTOM OF THE 1ST
Nashua Redlegs batting - Pitching for Nantucket Orcas : RHP Kade Coleman
Pitching: RHP Kade Coleman
Batting: SHB Ryan Holcomb 0-0: Ball
1-0: Fly out, F8 (Line Drive, 8LM)
Batting: RHB Eleuterio Supardo 0-0: SINGLE (Line Drive, 4MD)
Batting: RHB Currito Campos 0-0: Swinging Strike
0-1: Called Strike
0-2: Ball
1-2: Ball
2-2: Strikes out looking
Batting: RHB Katsuhito Ohayashi 0-0: Ball
1-0: Swinging Strike
1-1: Ball
2-1: Foul Ball, location: 2F
2-2: Strikes out looking
Bottom of the 1st over - 0 run(s), 1 hit(s), 0 error(s), 1 left on base; Nantucket 0 - Nashua 0
TOP OF THE 2ND
Nantucket Orcas batting - Pitching for Nashua Redlegs : RHP Fernando Valdés
Batting: SHB Héctor Padilla 0-0: Ball
1-0: Ball
2-0: Called Strike
2-1: Called Strike
2-2: Strikes out swinging
Batting: LHB Noah Gillespie 0-0: Foul Ball, location: 2F
0-1: Ball
1-1: Ball
2-1: Swinging Strike
2-2: Fly out, F4 (Popup, 4MD)
Batting: RHB César Osequedo 0-0: Ball
1-0: Foul Ball, location: 2F
1-1: Ball
2-1: SINGLE (Flyball, 8LS)
Batting: RHB Anastasio Zartuche 0-0: Called Strike
0-1: Ball
César Osequedo is caught stealing 2nd base
Top of the 2nd over - 0 run(s), 1 hit(s), 0 error(s), 0 left on base; Nantucket 0 - Nashua 0
BOTTOM OF THE 2ND
Nashua Redlegs batting - Pitching for Nantucket Orcas : RHP Kade Coleman
Batting: RHB Juan Hernández 0-0: Ball
1-0: Foul Ball, location: 2F
1-1: Ground out 6-3 (Groundball, 56)
Batting: RHB Jason Blair 0-0: Swinging Strike
0-1: Ball
1-1: Foul Ball, location: 2F
1-2: Strikes out swinging
Batting: RHB Joe Noble 0-0: Ball
1-0: Fly out, F6 (Popup, 6D)
Bottom of the 2nd over - 0 run(s), 0 hit(s), 0 error(s), 0 left on base; Nantucket 0 - Nashua 0
TOP OF THE 3RD
Nantucket Orcas batting - Pitching for Nashua Redlegs : RHP Fernando Valdés
Batting: RHB Anastasio Zartuche 0-0: SINGLE (Line Drive, 5)
Batting: RHB Domingo Hernández 0-0: Ball
1-0: Called Strike
1-1: Foul Ball, location: 2F
1-2: Ball
2-2: Fly out, F4 (Popup, 3D)
Batting: LHB Carter Sweet 0-0: Ball
1-0: Ball
2-0: Foul Ball, location: 2F
2-1: Foul Ball, location: 2F
2-2: SINGLE (Line Drive, 9S)
Anastasio Zartuche to second
Runner from 2nd tries for 3rd, SAFE, no throw
Batting: RHB Jorge Hernández 0-0: Foul Ball, location: 2F
0-1: Ground out 5-3 (Groundball, 5S)
Anastasio Zartuche scores
Carter Sweet to second
Batting: RHB Ramón Díaz 0-0: Called Strike
0-1: Foul Ball, location: 2F
0-2: Foul Ball, location: 2F
0-2: Strikes out swinging
Top of the 3rd over - 1 run(s), 2 hit(s), 0 error(s), 1 left on base; Nantucket 1 - Nashua 0
BOTTOM OF THE 3RD
Nashua Redlegs batting - Pitching for Nantucket Orcas : RHP Kade Coleman
Batting: RHB Gilberto León 0-0: Swinging Strike
0-1: Ball
1-1: Foul Ball, location: 2F
1-2: Ball
2-2: Foul Ball, location: 2F
2-2: Ground out 5-3 (Groundball, 56)
Batting: RHB Spencer Pritchett 0-0: Called Strike
0-1: Swinging Strike
0-2: Fly out, F8 (Flyball, 8RM)
Batting: SHB Ryan Holcomb 0-0: Ball
1-0: DOUBLE (Line Drive, 7LM)
Batting: RHB Eleuterio Supardo 0-0: Ball
1-0: Ground out 6-3 (Groundball, 6)
Bottom of the 3rd over - 0 run(s), 1 hit(s), 0 error(s), 1 left on base; Nantucket 1 - Nashua 0
TOP OF THE 4TH
Nantucket Orcas batting - Pitching for Nashua Redlegs : RHP Fernando Valdés
Batting: SHB Cory Campbell 0-0: Fly out, F4 (Popup, 4S)
Batting: SHB Héctor Padilla 0-0: Ball
1-0: Reached on error, E3 (Popup, 3L)
Batting: LHB Noah Gillespie 0-0: Called Strike
0-1: Ball
1-1: Ball
Héctor Padilla steals 2nd base
2-1: Foul Ball, location: 2F
2-2: Foul Ball, location: 2F
2-2: Ball
3-2: Base on Balls
Batting: RHB César Osequedo 0-0: Ball
1-0: Foul Ball, location: 2F
1-1: Foul Ball, location: 2F
1-2: Ball
2-2: SINGLE (Line Drive, 5D)
Héctor Padilla to third
Noah Gillespie to second
Runner from 3rd tries for Home, throw and OUT!
Noah Gillespie to third
César Osequedo to second
Batting: RHB Anastasio Zartuche 0-0: Ball
Passed Ball!
Noah Gillespie scores
César Osequedo to third
1-0: Ball
2-0: Foul Ball, location: 2F
2-1: Called Strike
2-2: Strikes out looking
Top of the 4th over - 1 run(s), 1 hit(s), 1 error(s), 1 left on base; Nantucket 2 - Nashua 0
BOTTOM OF THE 4TH
Nashua Redlegs batting - Pitching for Nantucket Orcas : RHP Kade Coleman
Batting: RHB Currito Campos 0-0: Ball
1-0: Called Strike
1-1: Ball
2-1: Foul Ball, location: 2F
2-2: Ball
3-2: Ground out 6-3 (Groundball, 56)
Batting: RHB Katsuhito Ohayashi 0-0: Called Strike
0-1: Called Strike
0-2: Ball
1-2: Foul Ball, location: 2F
1-2: Strikes out swinging
Batting: RHB Juan Hernández 0-0: Called Strike
0-1: SINGLE (Groundball, 6MD)
Batting: RHB Jason Blair 0-0: Foul Ball, location: 2F
0-1: Called Strike
0-2: Strikes out swinging
Bottom of the 4th over - 0 run(s), 1 hit(s), 0 error(s), 1 left on base; Nantucket 2 - Nashua 0
TOP OF THE 5TH
Nantucket Orcas batting - Pitching for Nashua Redlegs : RHP Fernando Valdés
Batting: RHB Domingo Hernández 0-0: Ground out 6-3 (Groundball, 6)
Batting: LHB Carter Sweet 0-0: Ball
1-0: Ball
2-0: Foul Ball, location: 2F
2-1: Fly out, F8 (Flyball, 8LM)
Batting: RHB Jorge Hernández 0-0: Ball
1-0: Called Strike
1-1: Reached on error, E6 (Groundball, 6)
Batting: RHB Ramón Díaz 0-0: Ball
1-0: Swinging Strike
1-1: Ball
2-1: Ball
3-1: Foul Ball, location: 2F
3-2: DOUBLE (Flyball, 78XD)
Jorge Hernández to third
Jorge Hernández scores
Batting: SHB Cory Campbell 0-0: Swinging Strike
0-1: Ball
1-1: Foul Ball, location: 2F
1-2: Fly out, F4 (Popup, 4S)
Top of the 5th over - 1 run(s), 1 hit(s), 1 error(s), 1 left on base; Nantucket 3 - Nashua 0
BOTTOM OF THE 5TH
Nashua Redlegs batting - Pitching for Nantucket Orcas : RHP Kade Coleman
Batting: RHB Joe Noble 0-0: SINGLE (Line Drive, 9S)
Batting: RHB Gilberto León 0-0: Ball
1-0: Ball
2-0: Fly out, F8 (Line Drive, 8LS)
Batting: RHB Spencer Pritchett 0-0: Ball
1-0: Ball
2-0: Ground out U3 (Groundball, 34S)
Joe Noble to second
Batting: SHB Ryan Holcomb 0-0: Swinging Strike
0-1: Ball
1-1: Foul Ball, location: 2F
1-2: Ground out 6-3 (Groundball, 6M)
Bottom of the 5th over - 0 run(s), 1 hit(s), 0 error(s), 1 left on base; Nantucket 3 - Nashua 0
TOP OF THE 6TH
Nantucket Orcas batting - Pitching for Nashua Redlegs : RHP Fernando Valdés
Batting: SHB Héctor Padilla 0-0: Ball
1-0: Foul Ball, location: 2F
1-1: Ball
2-1: Called Strike
2-2: Foul Ball, location: 2F
2-2: Ball
3-2: Fly out, F4 (Popup, 34D)
Pitching: LHP Tomás Salgado
Batting: LHB Noah Gillespie 0-0: Called Strike
0-1: Ball
1-1: Foul Ball, location: 2F
1-2: Strikes out swinging
Batting: RHB César Osequedo 0-0: Ball
1-0: Foul Ball, location: 2F
1-1: Foul Ball, location: 2F
1-2: Ball
2-2: Ball
3-2: Foul Ball, location: 2F
3-2: Ground out 5-3 (Groundball, 56)
Top of the 6th over - 0 run(s), 0 hit(s), 0 error(s), 0 left on base; Nantucket 3 - Nashua 0
BOTTOM OF THE 6TH
Nashua Redlegs batting - Pitching for Nantucket Orcas : RHP Kade Coleman
Batting: RHB Eleuterio Supardo 0-0: Ball
1-0: Ball
2-0: Foul Ball, location: 2F
2-1: DOUBLE (Line Drive, 7LS)
Batting: RHB Currito Campos 0-0: Ball
1-0: Reached on error, E9 (Flyball, 89M)
Eleuterio Supardo to third
Batting: RHB Katsuhito Ohayashi 0-0: Ball
1-0: Called Strike
1-1: Ball
2-1: Foul Ball, location: 2F
2-2: Foul Ball, location: 2F
2-2: Fly out, F8 (Flyball, 8LM)
Batting: RHB Juan Hernández 0-0: Swinging Strike
0-1: Ball
1-1: Ball
2-1: Fly out, F8 (Line Drive, 8RD)
Runner from 3rd tags up, SCORES, no throw
Batting: RHB Jason Blair 0-0: Ball
1-0: Foul Ball, location: 2F
1-1: Foul Ball, location: 2F
1-2: Foul Ball, location: 2F
1-2: Ball
2-2: Ground out 5-3 (Groundball, 56S)
Bottom of the 6th over - 1 run(s), 1 hit(s), 1 error(s), 1 left on base; Nantucket 3 - Nashua 1
TOP OF THE 7TH
Nantucket Orcas batting - Pitching for Nashua Redlegs : LHP Tomás Salgado
Batting: RHB Anastasio Zartuche 0-0: Called Strike
0-1: Ball
1-1: Ball
2-1: Foul Ball, location: 2F
2-2: Foul Ball, location: 2F
2-2: Fly out, F5 (Flyball, 5D)
Batting: RHB Domingo Hernández 0-0: Ball
1-0: Called Strike
1-1: Ball
2-1: SINGLE (Groundball, 34D)
Batting: LHB Carter Sweet 0-0: Called Strike
0-1: Ball
1-1: Foul Ball, location: 2F
1-2: Ball
2-2: Ball
3-2: Strikes out swinging
Batting: RHB Jorge Hernández 0-0: Ground out 1-3 (Groundball, 15S)
Top of the 7th over - 0 run(s), 1 hit(s), 0 error(s), 1 left on base; Nantucket 3 - Nashua 1
BOTTOM OF THE 7TH
Nashua Redlegs batting - Pitching for Nantucket Orcas : RHP Kade Coleman
Batting: RHB Joe Noble 0-0: Called Strike
0-1: Called Strike
0-2: Strikes out swinging
Pitching: RHP Sean Flynn
Batting: RHB Gilberto León 0-0: SINGLE (Line Drive, 34)
Batting: RHB Spencer Pritchett 0-0: Ball
1-0: Ball
2-0: Called Strike
2-1: Ball
3-1: Called Strike
3-2: Strikes out looking
Batting: SHB Ryan Holcomb 0-0: Swinging Strike
0-1: Ball
Wild Pitch!
Gilberto León to second
1-1: Foul Ball, location: 2F
1-2: Ball
2-2: Strikes out looking
Bottom of the 7th over - 0 run(s), 1 hit(s), 0 error(s), 1 left on base; Nantucket 3 - Nashua 1
TOP OF THE 8TH
Nantucket Orcas batting - Pitching for Nashua Redlegs : LHP Tomás Salgado
Batting: RHB Ramón Díaz 0-0: Ball
1-0: Called Strike
1-1: SINGLE (Flyball, 89S)
Batting: SHB Cory Campbell 0-0: Ball
1-0: Swinging Strike
1-1: Ball
2-1: Ball
3-1: Base on Balls
Ramón Díaz to second
Batting: SHB Héctor Padilla 0-0: Ball
1-0: Foul Ball, location: 2F
1-1: Ball
2-1: Foul Ball, location: 2F
2-2: Ball
3-2: 3-RUN HOME RUN (Flyball, 7LD), Distance : 325 ft
Pitching: RHP Jason Spencer
Batting: LHB Noah Gillespie 0-0: Called Strike
0-1: SOLO HOME RUN (Flyball, 9D), Distance : 358 ft
Batting: RHB César Osequedo 0-0: Ball
1-0: Ball
2-0: Called Strike
2-1: Ball
3-1: Ground out 5-3 (Groundball, 56S)
Batting: RHB Anastasio Zartuche 0-0: Called Strike
0-1: Hit by Pitch
Batting: RHB Domingo Hernández 0-0: Swinging Strike
0-1: SINGLE (Line Drive, 6D)
Anastasio Zartuche to second
Batting: LHB Carter Sweet 0-0: Ball
1-0: Foul Ball, location: 2F
1-1: Foul Ball, location: 2F
1-2: Fly out, F7 (Flyball, 7)
Batting: RHB Jorge Hernández 0-0: Called Strike
0-1: Called Strike
0-2: Ball
1-2: Ball
2-2: Foul Ball, location: 2F
2-2: Strikes out swinging
Top of the 8th over - 4 run(s), 4 hit(s), 0 error(s), 2 left on base; Nantucket 7 - Nashua 1
BOTTOM OF THE 8TH
Nashua Redlegs batting - Pitching for Nantucket Orcas : RHP Sean Flynn
Batting: RHB Eleuterio Supardo 0-0: Ball
1-0: Ball
2-0: Called Strike
2-1: Fly out, F9 (Flyball, 9S)
Batting: RHB Currito Campos 0-0: Ball
1-0: Called Strike
1-1: Foul Ball, location: 2F
1-2: Strikes out looking and he ARGUES THE CALL AND IS TOSSED!
Batting: RHB Katsuhito Ohayashi 0-0: Called Strike
0-1: Swinging Strike
0-2: Strikes out swinging
Bottom of the 8th over - 0 run(s), 0 hit(s), 0 error(s), 0 left on base; Nantucket 7 - Nashua 1
TOP OF THE 9TH
Nantucket Orcas batting - Pitching for Nashua Redlegs : RHP Jason Spencer
Now at 1B: José Zumaya
Batting: RHB Ramón Díaz 0-0: SINGLE (Line Drive, 4M)
Batting: SHB Cory Campbell 0-0: TRIPLE (Line Drive, 7D)
Ramón Díaz scores
Batting: SHB Héctor Padilla 0-0: Called Strike
0-1: Foul Ball, location: 2F
0-2: Strikes out swinging
Batting: LHB Noah Gillespie 0-0: Ball
1-0: Ball
2-0: Ball
3-0: Called Strike
3-1: Base on Balls
Batting: RHB César Osequedo 0-0: Ball
Noah Gillespie steals 2nd base
1-0: SINGLE (Flyball, 78S)
Cory Campbell scores
Noah Gillespie to third
Batting: RHB Anastasio Zartuche 0-0: Ball
Passed Ball!
Noah Gillespie scores
César Osequedo to second
1-0: Ball
2-0: Called Strike
2-1: Fly out, F7 (Flyball, 7)
Pitching: RHP Carlos Rodríguez
Batting: RHB Domingo Hernández 0-0: Ball
1-0: Ball
2-0: Foul Ball, location: 2F
2-1: Ball
3-1: Base on Balls
Batting: LHB Carter Sweet 0-0: Fly out, F8 (Flyball, 89XD)
Top of the 9th over - 3 run(s), 3 hit(s), 0 error(s), 2 left on base; Nantucket 10 - Nashua 1
BOTTOM OF THE 9TH
Nashua Redlegs batting - Pitching for Nantucket Orcas : RHP Sean Flynn
Batting: RHB Juan Hernández 0-0: Called Strike
0-1: Ball
1-1: Ball
2-1: Called Strike
2-2: Ball
3-2: Base on Balls
Batting: RHB Jason Blair 0-0: Called Strike
0-1: Ball
1-1: Ball
2-1: Ball
3-1: Foul Ball, location: 2F
3-2: Foul Ball, location: 2F
3-2: Foul Ball, location: 2F
3-2: Strikes out looking
Batting: RHB Joe Noble 0-0: Ground out 5-3 (Groundball, 5S)
Juan Hernández to second
Pinch Hitting: RHB Juan Reyes 0-0: Ball
1-0: Foul Ball, location: 2F
1-1: Ball
2-1: Fly out, F8 (Flyball, 8LS)
Bottom of the 9th over - 0 run(s), 0 hit(s), 0 error(s), 1 left on base; Nantucket 10 - Nashua 1
Thursday, March 30th, 2017 - OOTP Baseball 17.12 Build 75